General information
- name: BNet
- type: Ladder team game (AT/RT)
- host: Battle.net
- saver: humankingtomvip
map: Battleground
- players: 8
- length: 23:11
- speed: Fast
- version: 1.26 W3XP
- replay type: Public
» download(116 KB)
Players
team 1 (winner)
humankingtomvip (
purple | 52 APM | 1210 actions | 23:11)
» actions
| Assign group hotkey | 77 | |
| Basic commands | 14 | |
| Build / train | 49 | |
| ESC pressed | 24 | |
| Enter build submenu | 22 | |
| Right click | 314 | |
| Select / deselect | 223 | |
| Select group hotkey | 395 | |
| Use ability | 92 | |
1210 total
» units
» upgrades
| Strength of the Wild | 3 | |
| Reinforced Hides | 3 | |
| Well Spring | 1 | |
7 total
» buildings
| Moon Well | 14 | |
| Tree of Ages | 3 | |
| Hunter's Hall | 1 | |
| Ancient of Wind | 3 | |
| Altar of Elders | 1 | |
| Tree of Eternity | 2 | |
24 total
» build order
00:21 Moon Well
00:54 Moon Well
01:08 Moon Well
02:35 Moon Well
02:36 Moon Well
02:38 Moon Well
03:15 Moon Well
03:27 Moon Well
04:14 Moon Well
04:17 Moon Well
04:25 Moon Well
04:45 Moon Well
04:54 Moon Well
05:40 Moon Well
06:28 Tree of Ages
06:28 Tree of Ages
08:41 Hunter's Hall
08:49 Ancient of Wind
08:50 Ancient of Wind
08:50 Ancient of Wind
08:57 Altar of Elders
13:09 Tree of Eternity
13:09 Tree of Eternity
Omni.wHip (
green | 35 APM | 803 actions | 23:10)
5 Mountain King
3 Storm Bolt
2 Bash
» actions
| Assign group hotkey | 12 | |
| Basic commands | 2 | |
| Build / train | 64 | |
| Enter build submenu | 27 | |
| Enter hero's abilities submenu | 5 | |
| Right click | 407 | |
| Select / deselect | 179 | |
| Select group hotkey | 81 | |
| Use ability | 26 | |
803 total
» units
| Peasant | 10 | |
| Rifleman | 15 | |
| Footman | 10 | |
| Siege Engine | 4 | |
| Gryphon Rider | 5 | |
44 total
» upgrades
| Magic Sentry | 1 | |
| Gunpowder | 1 | |
| Armor | 1 | |
| Barrage | 1 | |
| Storm Hammers | 1 | |
5 total
» buildings
| Altar of Kings | 1 | |
| Farm | 9 | |
| Barracks | 1 | |
| Lumber Mill | 1 | |
| Scout Tower | 9 | |
| Guard Tower | 6 | |
| Blacksmith | 1 | |
| Keep | 1 | |
| Arcane Sanctum | 1 | |
| Castle | 1 | |
| Gryphon Aviary | 1 | |
| Workshop | 1 | |
| Arcane Vault | 1 | |
| Cannon Tower | 1 | |
35 total
» build order
00:37 Altar of Kings
01:35 Farm
01:52 Farm
02:06 Barracks
02:51 Lumber Mill
03:11 Scout Tower
04:17 Guard Tower
04:33 Farm
06:06 Blacksmith
06:49 Keep
07:07 Farm
08:04 Farm
09:10 Scout Tower
09:53 Arcane Sanctum
10:22 Guard Tower
11:16 Scout Tower
11:51 Scout Tower
11:55 Guard Tower
11:59 Scout Tower
12:04 Scout Tower
12:36 Castle
14:13 Guard Tower
14:15 Guard Tower
14:20 Scout Tower
14:49 Guard Tower
15:06 Gryphon Aviary
15:14 Workshop
15:47 Farm
16:47 Farm
17:08 Arcane Vault
17:26 Scout Tower
17:59 Farm
19:11 Cannon Tower
19:17 Scout Tower
19:33 Farm

»
Trahlyta (
teal | 18 APM | 224 actions | 12:41)
1 Mountain King
1 Storm Bolt
» actions
| Assign group hotkey | 7 | |
| Basic commands | 2 | |
| Build / train | 25 | |
| Enter build submenu | 20 | |
| Enter hero's abilities submenu | 1 | |
| Right click | 31 | |
| Select / deselect | 80 | |
| Select group hotkey | 35 | |
| Use ability | 23 | |
224 total
» units
» upgrades
| Defend | 1 | |
| Masonry | 1 | |
| Swords | 1 | |
| Plating | 1 | |
4 total
» buildings
| Altar of Kings | 1 | |
| Farm | 7 | |
| Barracks | 2 | |
| Arcane Vault | 1 | |
| Scout Tower | 5 | |
| Arcane Tower | 1 | |
| Blacksmith | 1 | |
| Lumber Mill | 1 | |
| Guard Tower | 1 | |
| Keep | 1 | |
21 total
» build order
00:37 Altar of Kings
00:43 Farm
00:58 Farm
01:11 Barracks
01:49 Arcane Vault
02:12 Scout Tower
03:03 Arcane Tower
03:09 Barracks
03:37 Scout Tower
03:43 Farm
04:37 Farm
04:46 Blacksmith
05:23 Lumber Mill
05:29 Farm
07:57 Scout Tower
08:32 Scout Tower
08:39 Guard Tower
08:52 Farm
08:55 Farm
11:41 Scout Tower
12:04 Keep
KillerAssRapper (
blue | 18 APM | 340 actions | 19:15)
5 Pandaren Brewmaster
3 Breath of Fire
2 Drunken Brawler
» actions
| Build / train | 36 | |
| Enter build submenu | 18 | |
| Enter hero's abilities submenu | 5 | |
| Right click | 117 | |
| Select / deselect | 135 | |
| Use ability | 29 | |
340 total
» units
» upgrades
» buildings
| Barracks | 2 | |
| Altar of Kings | 1 | |
| Farm | 8 | |
| Lumber Mill | 1 | |
| Keep | 1 | |
| Castle | 1 | |
| Blacksmith | 1 | |
| Scout Tower | 4 | |
| Arcane Tower | 3 | |
22 total
» build order
00:07 Barracks
00:10 Barracks
01:27 Altar of Kings
01:48 Farm
02:33 Farm
03:31 Farm
04:19 Lumber Mill
05:20 Keep
08:07 Castle
08:19 Blacksmith
09:04 Farm
09:51 Farm
09:56 Farm
11:32 Farm
14:28 Scout Tower
15:09 Arcane Tower
15:14 Scout Tower
15:44 Scout Tower
15:46 Arcane Tower
16:31 Arcane Tower
16:36 Scout Tower
17:47 Farm
team 2 (loser)
W13oYSwaG (
pink | 26 APM | 611 actions | 23:10)
5 Mountain King
3 Storm Bolt
2 Thunder Clap
» actions
| Basic commands | 1 | |
| Build / train | 59 | |
| Enter build submenu | 30 | |
| Enter hero's abilities submenu | 5 | |
| Give item / drop item | 4 | |
| Right click | 170 | |
| Select / deselect | 291 | |
| Use ability | 51 | |
611 total
» units
| Peasant | 9 | |
| Footman | 7 | |
| Gryphon Rider | 3 | |
| Ogre Mauler | 1 | |
| Forest Troll Shadow Priest | 1 | |
| Knight | 9 | |
30 total
» upgrades
| Swords | 3 | |
| Lumber Harvesting | 1 | |
| Armor | 1 | |
| Plating | 3 | |
| Animal War Training | 1 | |
9 total
» buildings
| Altar of Kings | 1 | |
| Lumber Mill | 1 | |
| Farm | 11 | |
| Barracks | 4 | |
| Scout Tower | 9 | |
| Guard Tower | 7 | |
| Keep | 1 | |
| Arcane Vault | 1 | |
| Blacksmith | 1 | |
| Castle | 1 | |
| Gryphon Aviary | 2 | |
39 total
» build order
00:21 Altar of Kings
00:34 Lumber Mill
00:41 Farm
00:53 Barracks
00:58 Barracks
01:38 Farm
02:07 Scout Tower
02:13 Scout Tower
02:22 Farm
02:41 Guard Tower
03:16 Keep
04:16 Scout Tower
04:24 Arcane Vault
04:49 Scout Tower
04:51 Guard Tower
04:57 Blacksmith
05:43 Guard Tower
06:06 Scout Tower
06:18 Scout Tower
06:23 Farm
06:25 Castle
06:40 Guard Tower
06:50 Scout Tower
06:56 Scout Tower
06:57 Guard Tower
07:04 Gryphon Aviary
07:12 Gryphon Aviary
07:22 Guard Tower
08:33 Farm
10:42 Farm
12:22 Farm
12:31 Barracks
12:36 Barracks
14:11 Farm
16:54 Farm
17:01 Scout Tower
18:38 Guard Tower
21:14 Farm
22:51 Farm
» items
| Potion of Healing | 2 | |
| Periapt of Vitality | 2 | |
| Orb of Fire | 1 | |
5 total

»
lachapelle66 (
yellow | 42 APM | 965 actions | 23:10)
6 Blademaster
2 Wind Walk
3 Critical Strike
1 Bladestorm
4 Tauren Chieftain
2 War Stomp
2 Endurance Aura
» actions
| Assign group hotkey | 15 | |
| Build / train | 70 | |
| Enter build submenu | 21 | |
| Enter hero's abilities submenu | 10 | |
| Give item / drop item | 4 | |
| Remove unit from queue | 1 | |
| Right click | 504 | |
| Select / deselect | 213 | |
| Select group hotkey | 83 | |
| Use ability | 44 | |
965 total
» units
| Peon | 13 | |
| Grunt | 6 | |
| Forest Troll Shadow Priest | 1 | |
| Shaman | 10 | |
| Tauren | 8 | |
38 total
» upgrades
| Armor | 3 | |
| Melee Weapons | 3 | |
| Berserker Strength | 1 | |
| Shaman Training | 2 | |
| Pulverize | 1 | |
| Reinforced Defenses | 1 | |
| Spiked Barricades | 1 | |
12 total
» buildings
| Altar of Storms | 1 | |
| Orc Burrow | 10 | |
| Barracks | 1 | |
| War Mill | 1 | |
| Stronghold | 1 | |
| Voodoo Lounge | 1 | |
| Fortress | 1 | |
| Spirit Lodge | 1 | |
| Tauren Totem | 2 | |
| Great Hall | 1 | |
20 total
» build order
00:08 Altar of Storms
00:15 Orc Burrow
01:23 Barracks
01:29 War Mill
02:09 Orc Burrow
03:13 Orc Burrow
03:59 Stronghold
04:28 Orc Burrow
04:58 Voodoo Lounge
05:26 Orc Burrow
06:25 Orc Burrow
06:26 Fortress
09:14 Orc Burrow
09:22 Spirit Lodge
10:44 Tauren Totem
10:49 Tauren Totem
13:13 Great Hall
13:55 Orc Burrow
13:57 Orc Burrow
15:14 Orc Burrow
» items
| Lesser Clarity Potion | 2 | |
| Healing Salve | 2 | |
| Orb of Lightning | 1 | |
5 total
Mahney (
orange | 41 APM | 961 actions | 23:10)
4 Blood Mage
2 Flame Strike
2 Siphon Mana
3 Archmage
1 Blizzard
2 Brilliance Aura
» actions
| Assign group hotkey | 21 | |
| Build / train | 75 | |
| Enter build submenu | 29 | |
| Enter hero's abilities submenu | 7 | |
| Give item / drop item | 7 | |
| Right click | 198 | |
| Select / deselect | 197 | |
| Select group hotkey | 362 | |
| Use ability | 65 | |
961 total
» units
| Peasant | 12 | |
| Rifleman | 7 | |
| Priest | 4 | |
| Flying Machine | 14 | |
37 total
» upgrades
| Gunpowder | 2 | |
| Armor | 2 | |
| Masonry | 2 | |
| Plating | 2 | |
| Lumber Harvesting | 2 | |
| Long Rifles | 1 | |
| Priest Training | 1 | |
| Flak Cannons | 1 | |
| Flying Machine Bombs | 1 | |
14 total
» buildings
| Altar of Kings | 1 | |
| Farm | 13 | |
| Blacksmith | 1 | |
| Lumber Mill | 1 | |
| Scout Tower | 6 | |
| Barracks | 2 | |
| Arcane Tower | 2 | |
| Arcane Vault | 1 | |
| Keep | 1 | |
| Town Hall | 1 | |
| Castle | 1 | |
| Arcane Sanctum | 1 | |
| Workshop | 2 | |
| Guard Tower | 3 | |
36 total
» build order
00:19 Altar of Kings
00:24 Farm
00:38 Blacksmith
00:56 Lumber Mill
01:05 Farm
01:42 Scout Tower
02:09 Barracks
02:15 Farm
02:20 Arcane Tower
02:57 Barracks
04:04 Farm
04:44 Scout Tower
05:45 Arcane Tower
05:50 Arcane Vault
06:47 Keep
06:53 Farm
07:32 Farm
08:18 Farm
09:14 Farm
09:55 Farm
12:05 Town Hall
12:16 Farm
12:50 Castle
13:04 Farm
15:57 Arcane Sanctum
16:10 Workshop
16:33 Workshop
16:48 Farm
17:28 Farm
20:00 Scout Tower
21:20 Guard Tower
21:23 Scout Tower
21:57 Guard Tower
22:00 Scout Tower
22:37 Guard Tower
22:40 Scout Tower
» items
| Scroll of Regeneration | 4 | |
| Lesser Clarity Potion | 1 | |
| Boots of Speed | 1 | |
| Potion of Lesser Invulnerability | 1 | |
| Scroll of Town Portal | 1 | |
8 total
LadysMan (
red | 34 APM | 779 actions | 23:10)
4 Death Knight
2 Unholy Aura
1 Death Coil
1 Death Pact
4 Dreadlord
2 Vampiric Aura
1 Carrion Swarm
1 Sleep
1 Dark Ranger
1 Black Arrow
» actions
| Build / train | 53 | |
| Enter build submenu | 15 | |
| Enter hero's abilities submenu | 9 | |
| Give item / drop item | 5 | |
| Remove unit from queue | 1 | |
| Right click | 439 | |
| Select / deselect | 223 | |
| Use ability | 34 | |
779 total
» units
| Acolyte | 3 | |
| Ghoul | 3 | |
| Crypt Fiend | 7 | |
| Gargoyle | 3 | |
| Frost Wyrm | 6 | |
22 total
» upgrades
| Creature Attack | 3 | |
| Creature Carapace | 3 | |
| Web | 1 | |
| Burrow | 1 | |
8 total
» buildings
| Ziggurat | 7 | |
| Altar of Darkness | 1 | |
| Crypt | 2 | |
| Graveyard | 1 | |
| Tomb of Relics | 1 | |
| Halls of the Dead | 1 | |
| Sacrificial Pit | 1 | |
| Black Citadel | 1 | |
| Boneyard | 2 | |
17 total
» build order
00:08 Ziggurat
00:12 Altar of Darkness
00:16 Crypt
01:10 Graveyard
01:51 Tomb of Relics
02:25 Ziggurat
02:53 Halls of the Dead
04:36 Ziggurat
05:15 Sacrificial Pit
05:21 Ziggurat
08:02 Black Citadel
10:01 Ziggurat
12:25 Boneyard
12:29 Boneyard
13:56 Ziggurat
14:00 Ziggurat
16:51 Crypt
» items
| Circlet of Nobility | 2 | |
| Staff of Teleportation | 2 | |
| Scroll of Healing | 1 | |
| Orb of Corruption | 1 | |
| Boots of Speed | 1 | |
| Scroll of Town Portal | 1 | |
8 total
Chat log
(00:24 / Allies) Trahlyta: wow....I was at this same place on this same map last game
(03:24 / Allies) Trahlyta: purp u noob?
(04:23 / Allies) Trahlyta: purple u suck
(04:37 / Allies) humankingtomvip: tahts true
(04:52 / Allies) Trahlyta: why don't u just leave
(04:56 / Allies) Trahlyta: so we can take over
(05:00 / Allies) humankingtomvip: if i left games i would fall below 50%
(05:02 / Allies) Trahlyta: your moon well wall will do nothing
(05:13 / Allies) Omni.wHip: oh lmfao
(05:15 / Allies) Omni.wHip: xD
(05:31 / Allies) humankingtomvip: being below 50% is shameful
(05:33 / Allies) humankingtomvip: i dont wanna go there
(05:38 / Allies) Trahlyta: oh stfu
(05:40 / Allies) Trahlyta: you are a bser
(05:53 / Allies) humankingtomvip: no im not im just unlocky
(05:55 / Allies) Trahlyta: there's no way you could be above 50% being this shitty
(05:57 / Allies) humankingtomvip: he foudn my wells before i was ready
(06:06 / Allies) humankingtomvip: i do this every game
(06:10 / Allies) Trahlyta: you're not even getting units
(06:19 / Allies) humankingtomvip: i am going to get air
(06:24 / Allies) humankingtomvip: but he messed me up big time
(06:32 / Allies) Trahlyta: they're gonna come down and fuck your farms up
(06:37 / Allies) Trahlyta: and u have nothing else
(06:39 / Allies) humankingtomvip: if they do you guys can defend me
(06:40 / Allies) Trahlyta: that's not how you get air
(06:43 / Allies) Trahlyta: by building a farm wall
(06:46 / Allies) humankingtomvip: since all my healing pools will keep you powered up
(06:49 / Allies) Trahlyta: idiot
(06:57 / Allies) humankingtomvip: buddy you only have 3 miners
(07:04 / Allies) humankingtomvip: dont tell me how to build a farm wall
(07:24 / All) Omni.wHip: XD
(07:25 / Allies) Trahlyta: i saved your ass only having three miners
(09:12 / Allies) humankingtomvip: whoa this guy only has 3 miners too
(09:23 / Allies) humankingtomvip: hes 3-12 lmao
(09:35 / Allies) Trahlyta: turn ur wells on
(09:59 / Allies) Trahlyta: yeah dude
(10:04 / Allies) Trahlyta: this is fucking stupid
(10:17 / Allies) humankingtomvip: im glad i didnt try this game
(10:23 / Allies) humankingtomvip: playign with braindead allies is frustyrating as hell
(10:39 / Allies) Trahlyta: try communicating from the get go
(10:41 / Allies) Omni.wHip: XD
(10:49 / Allies) Trahlyta: wtf are u smiling about green
(11:00 / Allies) Trahlyta: I was doing fine on gold
(11:04 / Allies) humankingtomvip: l;ol
(11:07 / Allies) Trahlyta: and focused on figuring out wtf u were doing
(11:08 / Allies) humankingtomvip: have you even beat the campaign
(11:09 / Allies) humankingtomvip: therse no way
(11:18 / Allies) Trahlyta: yeah....dude I've had this game since it came out
(11:24 / Allies) humankingtomvip: no you never beat the campaign
(11:27 / Allies) humankingtomvip: not without cheat codes
(11:33 / Allies) Trahlyta: yes I have
(11:36 / Allies) Trahlyta: that shit is fun
(11:39 / Allies) humankingtomvip: you absolutely have not
(11:45 / Allies) Trahlyta: okay bud
(11:57 / Allies) Trahlyta: your inductive reasoning is faulty and based in nothing
(12:10 / Allies) humankingtomvip: you gonna vote for palin next year?
(12:11 / Allies) Trahlyta: i've pretty much quit trying in this game
(12:14 / Allies) humankingtomvip: u seem to be a fan of word soup
(12:15 / Allies) Trahlyta: omg
(12:23 / Allies) Trahlyta: so smart people = republicans?
(12:32 / Allies) Trahlyta: you're the reason we're gonna end up like greece
(12:37 / Allies) Trahlyta: go back to reddit
(12:43 / Allies) humankingtomvip: LOL
(12:48 / Allies) humankingtomvip: good lrod
(14:38 / All) humankingtomvip: yorue wasting your time kiilling his shit
(14:41 / All) humankingtomvip: noone was gonna use it anyay
(14:46 / All) humankingtomvip: my ally only has 3 miners
(14:49 / All) humankingtomvip: even after me telling him about it
(15:49 / All) humankingtomvip: hey ladysman remember when we made you do a 2v2 in 4v4
(16:32 / All) humankingtomvip: yeah you remember
(16:36 / All) humankingtomvip: not your finest hour tho
(16:39 / All) humankingtomvip: u got stomped
(16:44 / All) LadysMan: no
(16:59 / All) humankingtomvip: wellt he replay is up on highper.ch
(17:02 / All) humankingtomvip: for all eternity
(17:06 / All) humankingtomvip: in case you ever want a refresher
(18:38 / Allies) KillerAssRapper: come
(18:42 / Allies) humankingtomvip: nah youve got it
(20:17 / All) humankingtomvip: holy shit mahney thats a lot of games
(20:59 / All) humankingtomvip: why would you make air to counter unmounts
(21:02 / All) Mahney: run nigger run
(21:04 / All) humankingtomvip: you culd just ignore them
(23:07 / All) Mahney: gj purp